 Dungeon Crawl Stone Soup version 0.30-a0-639-g3916f1956a (webtiles) character file.

Game seed: 4933383345763585169

8 wormed the Trooper (level 2, 24/24 HPs)
             Began as a Formicid Chaos Knight on Jan 16, 2023.
             Was a Plaything of Xom.
             Quit the game on level 1 of the Dungeon.
             The game lasted 00:00:22 (158 turns).

wormed the Trooper (Formicid Chaos Knight)           Turns: 158, Time: 00:00:22

Health: 24/24      AC:  5    Str: 16    XL:     2   Next: 15%
Magic:  2/2        EV: 11    Int: 11    God:    Xom [..*...]
Gold:   22         SH:  0    Dex: 13    Spells: 1/1 levels left

rFire   . . .      SeeInvis +    a - +0 falchion (chaos)
rCold   . . .      Faith    .    (no shield)
rNeg    . . .      Spirit   .    b - +2 leather armour
rPois   .          Reflect  .    (helmet unavailable)
rElec   .          Harm     .    (no cloak)
rCorr   .          Rampage  .    (no gloves)
Will    .....                    (no boots)
Stlth   +                        (no amulet)
HPRegen 0.24/turn                (no ring)
MPRegen 0.08/turn                (no ring)

@: no status effects
A: permanent stasis, dig shafts and tunnels, antennae 3, four strong arms
a: Dig, Shaft Self, Renounce Religion


You were on level 1 of the Dungeon.
You worshipped Xom.
You were a toy of Xom.
You visited 1 branch of the dungeon, and saw 1 of its levels.

You collected 22 gold pieces.

Inventory:

Hand Weapons
 a - a +0 falchion of chaos (weapon)
Armour
 b - a +2 leather armour (worn)
Miscellaneous
 c - a piece from Xom's chessboard (15/15) (quivered)


   Skills:
 + Level 3.4 Fighting
 + Level 3.1 Long Blades
 + Level 2.4 Armour
 + Level 1.1 Dodging


You had one spell level left.
You didn't know any spells.
Your spell library was empty.

Dungeon Overview and Level Annotations

Branches:
Dungeon (1/15)

Altars:


Innate Abilities, Weirdness & Mutations

You cannot be hasted, slowed, berserked, paralysed or teleported.
You can dig through walls and to a lower floor.
You have a pair of large antennae on your head. (SInv)
Your four strong arms can wield two-handed weapons with a shield.


Message History

You closely miss the bat. The bat hits you but does no damage. x2
You slash the bat!
You kill the bat!
No target in view!
No target in view!
No target in view!
No target in view!
No target in view!
No target in view!
No target in view!
No target in view!
You sense a monster nearby.
A frilled lizard comes into view.
The frilled lizard hisses angrily.
A frilled lizard is nearby!
A frilled lizard is nearby!
You hit the frilled lizard. You freeze the frilled lizard.
You kill the frilled lizard!
No target in view!
You sense a monster nearby.
You sense a monster nearby.
A jackal comes into view.
The jackal barks!
A jackal comes into view.
There are monsters nearby!
You closely miss the jackal.
The jackal barks!
The jackal barely misses you. x2
You hit the jackal.
You kill the jackal!
You have reached level 2!
You hit the jackal.
The jackal is poisoned.
The jackal is almost dead.
The jackal closely misses you. The jackal barely misses you.
You hit the jackal.
You kill the jackal!
No target in view!
No target in view!
There's something in the way.
Are you sure you want to abandon this character and quit the game? (Confirm with "yes".)

.#########....###.#
.# #.#.## #.# ##
#.#.# #.# ....# #.#
##.### #.# #.
#####.# # ...#.#
######†#.#
.......@.#
######.### #. #. ..
.. #.. #..


There were no monsters in sight!

Vanquished Creatures
  A dart slug (D:1)
  2 jackals (D:1)
  A bat (D:1)
  A frilled lizard (D:1)
  A goblin (D:1)
  A rat (D:1)
7 creatures vanquished.

Notes
Turn   | Place    | Note
-------+----------+-------------------------------------------
     0 | D:1      | wormed the Formicid Chaos Knight began the quest for the
                  | Orb.
     0 | D:1      | Reached XP level 1. HP: 18/18 MP: 1/1
     0 | D:1      | Noticed an elf
     1 | D:1      | Noticed an octopode
     3 | D:1      | Noticed a vampire
     3 | D:1      | Noticed a tengu
     6 | D:1      | Noticed a demonspawn
    10 | D:1      | Noticed a ghoul
    12 | D:1      | Noticed a merfolk
    13 | D:1      | Noticed an ogre
    18 | D:1      | Noticed a gargoyle
    18 | D:1      | Noticed a minotaur
    20 | D:1      | Noticed a vampire
    80 | D:1      | Reached skill level 1 in Dodging
   156 | D:1      | Reached XP level 2. HP: 24/24 MP: 2/2
   158 | D:1      | Quit the game

Illustrated notes

Levels and vault maps discovered:
D:1:      shiori_arrival_whats_in_store_for_you, layout_loops_ring

Skill      XL: |  1 |
---------------+----+-----
Dodging        | 1 |  1.1
Fighting       | |  3.4
Long Blades    | |  3.1
Armour         | |  2.4

Action                   || total
-------------------------++-------
Melee: Falchion          ||    16
Armor: Leather armour    ||    10
Dodge: Dodged            ||    11

Table legend: (Time is in decaauts)
 A = Elapsed time spent in this place.
 B = Non-inter-level travel time spent in this place.
 C = Inter-level travel time spent in this place.
 D = Time resting spent in this place.
 E = Time spent auto-exploring this place.
 F = Levels seen in this place.
 G = Mean time per level.
                   A        B        C        D        E       F      G
               +--------+--------+--------+--------+--------+-----+--------+
         Total |    160 |    160 |      0 |      0 |    109 |   1 |  160.0 |
       Dungeon |    160 |    160 |      0 |      0 |    109 |   1 |  160.0 |
               +--------+--------+--------+--------+--------+-----+--------+

Top non-repeatable levels by time:
     D:1: 160 daAuts
